 Dungeon Crawl Stone Soup version 0.27-a0-1136-g0b992a5a9d (webtiles) character file.

Game seed: 5811493308787619499

9229 voltaire321 the Thaumaturge (level 11, -5/57 HPs)
             Began as a Deep Elf Ice Elementalist on May 5, 2021.
             Was a Priest of Hepliaklqana.
             Slain by a yak (13 damage)
             ... on level 1 of the Lair of Beasts on May 6, 2021.
             The game lasted 01:06:25 (12983 turns).

voltaire321 the Thaumaturge (DEIE)                 Turns: 12983, Time: 01:06:26

Health: -5/57      AC: 11    Str:  5    XL:     11   Next: 20%
Magic:  11/35      EV: 15    Int: 21    God:    Hepliaklqana [***...]
Gold:   538        SH:  0    Dex: 15    Spells: 4/28 levels left

rFire    . . .     SeeInvis .   m - +1 dagger (elec)
rCold    . . .     Faith    .   (no shield)
rNeg     . . .     Spirit   .   i - +0 troll leather armour {Purgy}
rPois    .         Reflect  .   H - +2 helmet of Oghi {Regen+ rCorr Str-3}
rElec    .         Harm     .   l - +0 cloak
rCorr    +         Rampage  .   (no gloves)
Will     +....                  o - +1 pair of boots
Stlth    ++........             (no amulet)
HPRegen  2.19/turn              a - ring of wizardry
MPRegen  0.24/turn              s - ring of magical power

@: no status effects
A: reduced essence
a: Renounce Religion, Recall Ancestor, Ancestor Identity, Transference


You were on level 1 of the Lair of Beasts.
You worshipped Hepliaklqana.
Hepliaklqana was most pleased with you.
You visited 3 branches of the dungeon, and saw 12 of its levels.
You also visited: Sewer and Bailey.

You collected 695 gold pieces.
You spent 157 gold pieces at shops.

Inventory:

Hand Weapons
 c - a +0 short sword of electrocution
 m - a +1 dagger of electrocution (weapon)
Missiles
 p - 33 poisoned darts (quivered)
 B - a throwing net
Armour
 i - a +0 troll leather armour (worn) {Purgy}
 l - a +0 cloak (worn)
 o - a +1 pair of boots (worn)
 A - a +2 ring mail of fire resistance
 G - a +2 helmet of see invisible
 H - the +2 helmet of Oghi (worn) {Regen+ rCorr Str-3}
   (You found it on level 10 of the Dungeon)

   It affects your strength (-3).
   It increases your rate of health regeneration.
   It protects you from acid and corrosion.
 I - the +0 ring mail of the Tundras {rF+ rC+ Str-2 Int+4}
   (You found it on level 10 of the Dungeon)

   It affects your strength (-2).
   It affects your intelligence (+4).
   It protects you from fire.
   It protects you from cold.
Magical Staves
 h - a staff of fire
 q - a staff of poison
 v - a staff of cold
Jewellery
 a - a ring of wizardry (left hand)
 s - a ring of magical power (right hand)
Wands
 d - a wand of acid (10)
 g - a wand of digging (8)
 t - a wand of paralysis (7)
 x - a wand of iceblast (11)
 D - a wand of polymorph (10)
Scrolls
 y - 2 scrolls of teleportation
 E - a scroll of identify
Potions
 b - a potion of flight
 e - 4 potions of curing
 f - 4 potions of might
 j - 2 potions of haste
 k - 3 potions of brilliance {unknown}
 r - 3 potions of berserk rage {unknown}
 u - a potion of lignification {unknown}
 w - a potion of invisibility
 z - 3 potions of attraction
 C - a potion of heal wounds


   Skills:
 + Level 5.5 Fighting
 - Level 5.0 Armour
 + Level 8.3 Dodging
 - Level 2.4 Stealth
 + Level 9.1 Spellcasting
 - Level 5.0 Conjurations
 - Level 5.0 Hexes
 + Level 8.5 Ice Magic
 + Level 5.5 Air Magic
 + Level 5.4 Invocations


You had 4 spell levels left.
You knew the following spells:

 Your Spells              Type           Power      Damage    Failure   Level
a - Freeze                Ice            100%       1d11      1%          1
b - Frozen Ramparts       Ice            90%        1d11      1%          3
c - Ensorcelled Hibernat  Hex/Ice        76%        N/A       1%          2
d - Ozocubu's Armour      Ice            45%        N/A       1%          3
e - Static Discharge      Conj/Air       31%        N/A       1%          2
f - Shock                 Conj/Air       100%       1d9       1%          1
g - Hailstorm             Conj/Ice       38%        3d9       2%          4
h - Airstrike             Air            16%        N/A       4%          4
i - Summon Ice Beast      Ice/Summ       27%        N/A       8%          4

Your spell library contained the following spells:

 Spells                   Type           Power      Damage    Failure   Level
 Corona                   Hex            33%        N/A       1%          1
 Foxfire                  Conj/Fire      80%        2x1d8     1%          1
 Confusing Touch          Hex            30%        N/A       1%          3
 Dazzling Flash           Conj/Hex       60%        N/A       1%          3
 Swiftness                Air            32%        N/A       1%          3
 Tukima's Dance           Hex            30%        N/A       1%          3
 Conjure Flame            Conj/Fire      20%        6-21      4%          3
 Inner Flame              Hex/Fire       20%        N/A       4%          3
 Cause Fear               Hex            15%        N/A       6%          4
 Sublimation of Blood     Necr           4%         N/A       7%          2
 Vampiric Draining        Necr           4%         2d6       13%         3
 Sticky Flame             Conj/Fire      20%        2d4       16%         4
 Metabolic Englaciation   Hex/Ice        19%        N/A       8%          5
 Lightning Bolt           Conj/Air       15%        1d29      14%         5
 Silence                  Hex/Air        15%        N/A       14%         5
 Fireball                 Conj/Fire      10%        3d6       38%         5
 Summon Mana Viper        Hex/Summ       20%        N/A       38%         5
 Yara's Violent Unravell  Hex/Tmut       10%        3d6       38%         5
 Discord                  Hex            15%        N/A       100%        8


Dungeon Overview and Level Annotations

Branches:
Dungeon (10/15)            Temple (1/1) D:6            Lair (1/6) D:8
    Orc (0/2) D:9           Sewer (visited)          Bailey (visited)

Altars:
Ashenzari
Cheibriados
Dithmenos
Elyvilon
Fedhas
Gozag
Hepliaklqana
Kikubaaqudgha
Makhleb
Nemelex Xobeh
Okawaru
Qazlal
Ru
Sif Muna
Trog
Uskayaw
Vehumet
Wu Jian
Xom
Yredelemnul
Zin
The Shining One

Shops:
D:6 (   D:9 [

Annotations:
D:7 2 transporters


Message History

Confirm with . or Enter, or press ? or * to list all spells.
The yak is struck by an arc of lightning!
The yak is severely wounded.
You are struck by an arc of lightning.
Atia avoids your attack. x2
The yak is struck by an arc of lightning.
The yak is heavily wounded.
The lightning grounds out.
The yak gores you!
* * * LOW HITPOINT WARNING * * *
The yak closely misses you.
Casting: Static Discharge (safe; 1% risk of failure)
Confirm with . or Enter, or press ? or * to list all spells.
The yak is struck by an arc of lightning!
The yak is almost dead.
You are struck by an arc of lightning.
* * * LOW HITPOINT WARNING * * *
Atia avoids your attack. x2; The yak misses you.
Atia hits the yak with a +0 flail!
The yak dies!
The yak closely misses you.
Casting: Static Discharge (safe; 1% risk of failure)
Confirm with . or Enter, or press ? or * to list all spells.
Atia avoids your attack.
The yak is struck by an arc of lightning!
The yak is severely wounded.
You are struck by an arc of lightning.
* * * LOW HITPOINT WARNING * * *
Atia avoids your attack. The yak gores you but does no damage.
Casting: Static Discharge (safe; 1% risk of failure)
Confirm with . or Enter, or press ? or * to list all spells.
Atia avoids your attack.
The yak is struck by an arc of lightning.
The yak is almost dead.
You are struck by an arc of lightning.
* * * LOW HITPOINT WARNING * * *
The lightning grounds out.
The yak gores you!
* * * LOW HITPOINT WARNING * * *
Your troll leather armour prevents you from hitting the yak.
The yak is almost dead.
Atia hits the yak with a +0 flail.
The yak gores you!
You die...

........## #..
.........###/..
..........#....
...............
.............#
............#
......†.Y...###
......†@R.....#
....#..†.......
. #..........
#...........
##..........
...........
##..........
#..###.....


You could see the friendly Atia the knight and a yak (ally target).

Vanquished Creatures
  A two-headed ogre (D:8)
  3 death yaks (D:8)
  An orc knight (Bailey)
  A cyclops (D:9)
  Joseph (D:7)
  2 hornets
  A vampire (D:9)
  A steam dragon (D:7)
  3 yaks (Lair:1)
  Menkaure (D:6)
  A water moccasin (D:7)
  Purgy (D:4)
  3 orc warriors
  A sky beast (D:5)
  An ogre (D:4)
  2 necrophages
  2 centaurs
  A phantom (D:4)
  A kobold brigand (D:10)
  5 bullfrogs
  3 scorpions
  5 killer bees
  2 wights (D:9)
  2 howler monkeys
  3 hounds
  2 centaur zombies
  A jelly (D:6)
  3 orc priests
  2 hell rats (D:8)
  4 iguanas
  4 orc wizards
  2 howler monkey zombies
  11 gnolls
  9 adders
  3 river rats (D:8)
  A shadow imp (D:5)
  2 white imps
  3 worms
  3 dart slugs
  67 orcs
  8 ball pythons
  6 endoplasms
  5 giant cockroaches
  13 goblins
  5 hobgoblins
  8 jackals
  5 quokkas
  5 bats
  9 frilled lizards
  12 kobolds
  23 rats
264 creatures vanquished.

Vanquished Creatures (collateral kills)
  A hornet (D:9)
  Prince Ribbit (D:9)
  2 yaks (Lair:1)
  A water moccasin (D:9)
  An orc warrior (D:9)
  A sky beast (D:8)
  A centaur (D:10)
  A bullfrog (D:7)
  2 killer bees (D:9)
  A wight (D:9)
  2 howler monkeys (D:10)
  A centaur zombie (D:9)
  A howler monkey zombie (D:9)
  8 orcs
  A goblin (D:8)
  A quokka (D:8)
  A rat (D:8)
27 creatures vanquished.

Vanquished Creatures (others)
  2 knights (D:9)
  4 ancestors
  4 plants
10 creatures vanquished.

Grand Total: 301 creatures vanquished

Notes
Turn   | Place    | Note
-------+----------+-------------------------------------------
     0 | D:1      | voltaire321 the Deep Elf Ice Elementalist began the quest
                  | for the Orb.
     0 | D:1      | Reached XP level 1. HP: 10/10 MP: 6/6
   240 | D:1      | Reached XP level 2. HP: 16/16 MP: 8/8
   689 | D:1      | You fall into a shaft and drop 1 floor!
   699 | D:2      | Reached XP level 3. HP: 7/20 MP: 4/9
  1081 | D:2      | Learned a level 3 spell: Frozen Ramparts
  2001 | D:2      | Reached skill level 1 in Fighting
  2463 | D:2      | Found a faded altar of an unknown god.
  2479 | D:2      | Reached skill level 1 in Armour
  3071 | D:3      | Reached XP level 4. HP: 25/25 MP: 8/11
  3563 | D:3      | Found a burning altar of Makhleb.
  3684 | D:3      | Reached skill level 4 in Spellcasting
  3901 | D:3      | Reached skill level 5 in Ice Magic
  3901 | D:3      | Reached XP level 5. HP: 13/29 MP: 9/13
  4298 | D:3      | Learned a level 2 spell: Ensorcelled Hibernation
  4802 | D:3      | Reached XP level 6. HP: 35/35 MP: 10/14
  4924 | D:3      | Found a blossoming altar of Fedhas.
  5164 | D:4      | Reached skill level 1 in Hexes
  5215 | D:4      | Learned a level 3 spell: Ozocubu's Armour
  5349 | D:4      | Reached skill level 5 in Spellcasting
  5509 | D:4      | Reached XP level 7. HP: 7/40 MP: 8/16
  5805 | D:3      | Found an ornate altar of the Wu Jian Council.
  5805 | D:3      | Found a broken altar of Ashenzari.
  5948 | D:3      | Learned a level 2 spell: Static Discharge
  6067 | D:4      | Found a faded altar of an unknown god.
  6067 | D:4      | Found a glowing silver altar of Zin.
  6073 | D:4      | Found a faded altar of an unknown god.
  6075 | D:4      | Found an iron altar of Okawaru.
  6076 | D:4      | Found a snail-covered altar of Cheibriados.
  6176 | D:4      | Noticed Purgy
  6184 | D:4      | Killed Purgy
  6411 | D:4      | Found a sparkling altar of Nemelex Xobeh.
  6527 | D:5      | Entered Level 5 of the Dungeon
  6561 | D:5      | Reached skill level 1 in Conjurations
  6565 | D:5      | Reached skill level 1 in Air Magic
  6661 | D:5      | Found a glowing drain.
  6669 | Sewer    | Entered a sewer
  6896 | Sewer    | Reached skill level 5 in Dodging
  7263 | D:5      | Learned a level 1 spell: Shock
  7276 | D:5      | Reached XP level 8. HP: 40/45 MP: 18/18
  7323 | D:5      | Found a stormy altar of Qazlal.
  7624 | D:5      | Reached skill level 6 in Spellcasting
  7640 | D:5      | Found a hide-covered altar of Uskayaw.
  7779 | D:6      | Noticed Menkaure
  7933 | D:6      | Found Zycown's Antique Weapon Emporium.
  8167 | D:6      | Killed Menkaure
  8237 | D:6      | Found a staircase to the Ecumenical Temple.
  8246 | Temple   | Entered the Ecumenical Temple
  8271 | Temple   | Became a worshipper of Hepliaklqana the Forgotten
  8474 | D:7      | Found a transporter.
  8795 | D:7      | Noticed Joseph
  8809 | D:7      | Killed Joseph
  8810 | D:7      | Reached skill level 1 in Invocations
  8810 | D:7      | Reached XP level 9. HP: 18/51 MP: 7/20
  9426 | D:7      | Reached * piety under Hepliaklqana
  9479 | D:7      | Found a transporter.
  9882 | D:8      | Noticed a death yak
  9889 | D:8      | Noticed a death yak
  9896 | D:8      | Noticed a death yak
  9914 | D:8      | Found a flagged portal.
  9927 | Bailey   | Entered a bailey
 10039 | Bailey   | Reached skill level 5 in Hexes
 10048 | Bailey   | Reached skill level 7 in Spellcasting
 10104 | Bailey   | Noticed an orc knight
 10104 | Bailey   | Noticed an orc knight
 10104 | Bailey   | Noticed an orc knight
 10135 | Bailey   | HP: 2/46 [orc knight/+0 glaive (24)]
 10139 | Bailey   | Killed an orc knight
 10258 | Bailey   | HP: 1/46 [orc knight/+0 glaive (16)]
 10349 | D:8      | Noticed a two-headed ogre
 10358 | D:8      | Killed a two-headed ogre
 10359 | D:8      | Reached XP level 10. HP: 49/51 MP: 22/23
 10364 | D:8      | Learned a level 4 spell: Hailstorm
 10369 | D:8      | Learned a level 4 spell: Airstrike
 10394 | D:8      | Found a bloodstained altar of Trog.
 10484 | D:8      | Killed a death yak
 10484 | D:8      | Killed a death yak
 10485 | D:8      | Killed a death yak
 10486 | D:8      | Reached skill level 8 in Spellcasting
 10486 | D:8      | Reached skill level 5 in Conjurations
 10494 | D:8      | Found a staircase to the Lair.
 10605 | D:8      | Found the +7 mace of Variability {chain chaos}
 11072 | D:9      | Reached ** piety under Hepliaklqana
 11073 | D:9      | Remembered your ancestor Atia as a knight
 11088 | D:9      | Found a staircase to the Orcish Mines.
 11134 | D:9      | Found Kofenteg's Antique Armour Shoppe.
 11143 | D:9      | Bought a glowing helmet for 157 gold pieces
 11149 | D:9      | Noticed a cyclops
 11183 | D:9      | Killed a cyclops
 11184 | D:9      | Reached skill level 5 in Fighting
 11184 | D:9      | Reached skill level 5 in Armour
 11344 | D:9      | Reached skill level 5 in Air Magic
 11773 | D:9      | Found a glowing golden altar of the Shining One.
 12045 | D:9      | Noticed Prince Ribbit
 12050 | D:9      | Killed Prince Ribbit
 12051 | D:9      | Reached skill level 5 in Invocations
 12218 | D:9      | Reached XP level 11. HP: 57/57 MP: 25/25
 12281 | D:10     | Entered Level 10 of the Dungeon
 12392 | D:10     | Identified the +2 helmet of Oghi {Regen+ rCorr Str-3}
 12602 | D:10     | Identified the +0 ring mail of the Tundras {rF+ rC+ Str-2
                  | Int+4}
 12688 | D:10     | Identified a scroll of acquirement
 12688 | D:10     | Acquired voltaire321's Grimoire of Sinister Companions
 12775 | D:10     | Reached *** piety under Hepliaklqana
 12891 | D:10     | Learned a level 4 spell: Summon Ice Beast
 12970 | Lair:1   | Entered Level 1 of the Lair of Beasts
 12975 | Lair:1   | Reached skill level 9 in Spellcasting
 12983 | Lair:1   | Slain by a yak

Illustrated notes

Levels and vault maps discovered:
D:1:      minmay_arrival_wavy_path, layout_loops_ring, st_stairs_9
D:2:      layout_rooms, hellmonk_ecumenical_altar_crossroads
D:3:      layout_basic, fedhas_altar_fruit_tree, nicolae_overflow_hidden_temple,
          minmay_rat_hole
D:4:      layout_cave_pools, nemelex_dance_club_becter,
          chequers_temple_overflow_minitemple, uniq_purgy
D:5:      layout_rooms, nicolae_uskayaw_suspiria, lemuel_crystal_altar,
          cheibrodos_sewer_entry_drain, st_stairs_14
D:6:      layout_basic, temple_hall, serial_shops, kennysheep_mini_moat,
          corexii_item_surrounded_by_moat, uniq_menkaure
D:7:      gammafunk_cloud_chamber, layout_gridville, uniq_joseph
D:8:      layout_rooms, trog_three_pillars_becter, dpeg_lair_monsters,
          serial_corexii_hall, corexii_hall_statues_i, corexii_hall_statues_l,
          chequers_hall_statues_corner_a, chequers_hall_statues_wall_a,
          lightli_bailey_entry_fortress
D:9:      layout_layer_cave, nicolae_overflow_crystal_walls, david_orc_2,
          serial_shops, nicolae_shop_overgrown_old_shop, nzn_life_drinkers,
          uniq_prince_ribbit1
D:10:     layout_roguey
Temple:   cyrus_temple_forest
Lair:1:   layout_layer_cave, gauntlet_entry_generic, minivault_25, minivault_27,
          uniq_gastronok

Skill      XL: |  1  2  3  4  5  6  7  8  9 10 11 |
---------------+----------------------------------+-----
Dodging        | 3 4 5 6 8 |  8.3
Fighting       | 1 2 3 4 5 |  5.5
Armour         | 1 2 3 4 5 |  5.0
Spellcasting   | 4 5 6 7 8 9 |  9.1
Ice Magic      | 5 6 7 8 |  8.5
Hexes          | 1 3 4 5 |  5.0
Conjurations   | 1 3 4 5 |  5.0
Air Magic      | 1 2 4 5 |  5.5
Invocations    | 1 3 5 |  5.4
Stealth        | |  2.4

Action                   |  1- 3 |  4- 6 |  7- 9 | 10-12 || total
-------------------------+-------+-------+-------+-------++-------
Melee: Spear             |    98 |       |       |       ||    98
       Dagger            |     9 |   101 |   148 |   106 ||   364
Throw: Dart              |       |     3 |     7 |       ||    10
 Cast: Freeze            |    34 |     9 |    15 |     6 ||    64
       Frozen Ramparts   |       |    15 |    35 |    14 ||    64
       Ozocubu's Armour  |       |     3 |     9 |     2 ||    14
       Ensorcelled Hiber |       |     1 |     6 |       ||     7
       Static Discharge  |       |       |    15 |    16 ||    31
       Shock             |       |       |    35 |    11 ||    46
       Airstrike         |       |       |       |     4 ||     4
       Hailstorm         |       |       |       |     2 ||     2
Invok: Recall Ancestor   |       |       |     1 |       ||     1
       Ancestor Life: Kn |       |       |       |     1 ||     1
Evoke: Wand              |       |       |     3 |     2 ||     5
  Use: Potion            |       |     2 |     6 |       ||     8
       Scroll            |       |       |    11 |     3 ||    14
 Stab: Sleeping          |     7 |     3 |     3 |     1 ||    14
       Distracted        |       |       |     1 |       ||     1
Armor: Leather armour    |    28 |    17 |     5 |       ||    50
       Troll leather arm |       |       |    51 |    54 ||   105
Dodge: Dodged            |    65 |    63 |   145 |   122 ||   395

Table legend: (Time is in decaauts)
 A = Elapsed time spent in this place.
 B = Non-inter-level travel time spent in this place.
 C = Inter-level travel time spent in this place.
 D = Time resting spent in this place.
 E = Time spent auto-exploring this place.
 F = Levels seen in this place.
 G = Mean time per level.
                   A        B        C        D        E       F      G
               +--------+--------+--------+--------+--------+-----+--------+
         Total |  13111 |  12387 |    724 |   3341 |   5850 |  14 |  936.5 |
       Dungeon |  12088 |  11377 |    711 |   3192 |   5429 |  10 | 1208.8 |
        Temple |     89 |     76 |     13 |      0 |     46 |   1 |   89.0 |
          Lair |     12 |     12 |      0 |      0 |      0 |   1 |   12.0 |
         Sewer |    588 |    588 |      0 |     20 |    375 |   1 |  588.0 |
        Bailey |    331 |    331 |      0 |    129 |      0 |   1 |  331.0 |
               +--------+--------+--------+--------+--------+-----+--------+

Top non-repeatable levels by time:
     D:3: 1892 daAuts
     D:2: 1887 daAuts
     D:1: 1405 daAuts
     D:4: 1362 daAuts
     D:7: 1338 daAuts
     D:9: 1317 daAuts
     D:8: 941 daAuts
     D:5: 736 daAuts
    D:10: 651 daAuts
   Sewer: 588 daAuts
     D:6: 554 daAuts
  Bailey: 331 daAuts
  Temple: 89 daAuts
  Lair:1: 12 daAuts
